 Dungeon Crawl Stone Soup version 0.20.1-1-g8b1a95d (webtiles) character file.

135753 Reinor the Eclecticist (level 16, -1/76 HPs)
             Began as a Spriggan Earth Elementalist on July 11, 2017.
             Was the Champion of Vehumet.
             Killed from afar by Aizul (37 damage)
             ... with a bolt of poison
             ... on level 2 of the Elven Halls.
             The game lasted 02:40:47 (42169 turns).

Reinor the Eclecticist (SpEE)                      Turns: 42169, Time: 02:40:47

Health: -1/76      AC:  4    Str:  4    XL:     16   Next: 65%
Magic:  44/49      EV: 27    Int: 23    God:    Vehumet [******]
Gold:   3261       SH:  5    Dex: 19    Spells: 10/53 levels left

rFire    . . .     SeeInvis +   F - staff of wizardry
rCold    + . .     Gourm    .   (shield currently unavailable)
rNeg     + . .     Faith    .   M - +2 robe {Archmagi}
rPois    .         Spirit   .   h - +0 hat
rElec    .         Reflect  +   Z - scarf {cloud immunity}
rCorr    .         Harm     .   (gloves unavailable)
MR       ++...                  (boots unavailable)
Stlth    +++++.....             s - +5 amulet of reflection
Regen    0.3/turn               w - ring "Enouwk" {+Fly rC+ rN+ Dex+2}
MPRegen  0.4/turn               E - ring of magical power

@: lethally poisoned (-1 -> -29), very quick
A: unfitting armour, see invisible, herbivore 3, speed 3, slow metabolism 2
a: Renounce Religion, Evoke Flight


You were on level 2 of the Elven Halls.
You worshipped Vehumet.
Vehumet was exalted by your worship.
You were not hungry.

You visited 6 branches of the dungeon, and saw 27 of its levels.
You also visited: Ice Cave.

You collected 3261 gold pieces.

Inventory:

Hand Weapons
 C - the +5 flail of Jizuwk {venom, rF+ rC+ rN+ Dex+4}
   (You took it off a hobgoblin on level 3 of the Dungeon)

   It poisons the flesh of those it strikes.
   It affects your dexterity (+4).
   It protects you from fire.
   It protects you from cold.
   It protects you from negative energy.
Missiles
 b - 289 stones (quivered)
Armour
 c - the +1 robe of Narcissism {rPois MP+9}
   (You found it on level 11 of the Dungeon)

   It protects you from poison.
   It affects your magic capacity (+9).
 h - a +0 hat (worn)
 i - a +0 cloak of cold resistance
 M - a +2 robe of the Archmagi (worn)
 Q - +0 acid dragon scales
 Z - a scarf of cloud immunity (worn)
Magical Staves
 D - an uncursed staff of power
 F - an uncursed staff of wizardry (weapon)
Jewellery
 e - a +3 ring of strength
 s - a +5 amulet of reflection (around neck)
 w - the ring "Enouwk" (left hand) {+Fly rC+ rN+ Dex+2}
   (You found it on level 6 of the Lair of Beasts)

   [ring of flight]

   It affects your dexterity (+2).
   It protects you from cold.
   It protects you from negative energy.
   It lets you fly.
 x - an uncursed ring of protection from cold
 E - a ring of magical power (right hand)
 K - an uncursed ring of protection from fire
 W - a +6 ring of protection
Wands
 u - a wand of digging (18/24)
 y - a wand of scattershot (4/9)
 P - a wand of lightning (10/15)
 T - a wand of clouds (4/9)
 X - a wand of lightning (6/15)
Scrolls
 a - 10 scrolls of remove curse
 f - 10 scrolls of teleportation
 n - 5 scrolls of amnesia
 o - 2 scrolls of immolation
 q - 4 scrolls of enchant armour
 v - 7 scrolls of recharging
 z - a scroll of fear
 A - a scroll of magic mapping
 O - a scroll of holy word
 R - 2 scrolls of identify
Potions
 g - 3 potions of berserk rage
 j - 7 potions of curing
 k - 3 potions of haste
 m - 2 potions of heal wounds
 p - 2 potions of brilliance
 r - 5 potions of flight
 t - a potion of agility
 B - 3 potions of mutation
 G - 3 potions of cancellation
 I - a potion of magic
 J - 3 potions of might
 U - a potion of resistance
Books
 l - the Grimoire of Evil Magic
   (You found it on level 1 of the Elven Halls)

   Spells                             Type                      Level
   a - Animate Skeleton               Necromancy                   1
   b - Sublimation of Blood           Necromancy                   2
   c - Vampiric Draining              Necromancy                   3
   d - Control Undead                 Necromancy                   4
   e - Dispel Undead                  Necromancy                   5
   f - Death Channel                  Necromancy                   6
 Y - a book of Power

   Spells                             Type                      Level
   a - Iskenderun's Battlesphere      Conjuration/Charms           5
   b - Venom Bolt                     Conjuration/Poison           5
   c - Bolt of Magma                  Conjuration/Fire/Earth       5
   d - Iron Shot                      Conjuration/Earth            6
   e - Orb of Destruction             Conjuration                  7
   f - Spellforged Servitor           Conjuration/Summoning        7
Comestibles
 d - 15 bread rations
 H - 3 royal jellies
 N - 14 fruits


   Skills:
 - Level 5.0 Fighting
 - Level 10.0 Dodging
 - Level 10.0 Stealth
 + Level 19.4 Spellcasting
 - Level 7.0 Conjurations
 - Level 10.0 Charms
 - Level 4.1 Translocations
 - Level 10.0 Transmutations
 + Level 15.7 Earth Magic
 - Level 7.0 Evocations


You had 10 spell levels left.
You knew the following spells:

 Your Spells              Type           Power        Failure   Level  Hunger
a - Lehudib's Crystal Sp  Conj/Erth      #######...   14%         8    ######.
b - Passwall              Tmut/Erth      #######...   0%          2    None
c - Stone Arrow           Conj/Erth      ######       1%          3    None
d - Petrify               Tmut/Erth      #######.     1%          4    None
e - Lee's Rapid Deconstr  Erth           #######...   1%          5    None
f - Apportation           Tloc           ######       1%          1    None
h - Ozocubu's Armour      Chrm/Ice       ######..     1%          3    None
i - Iron Shot             Conj/Erth      #######...   1%          6    ###....
j - Statue Form           Tmut/Erth      #######..    1%          6    ###....
k - Bolt of Magma         Conj/Fire/Erth ######....   1%          5    None


Dungeon Overview and Level Annotations

Branches:
Dungeon (15/15)            Temple (1/1) D:6            Lair (6/6) D:11
 Shoals (0/4) Lair:4       Spider (0/4) Lair:4        Slime (0/5) Lair:6
    Orc (2/2) D:11            Elf (2/3) Orc:2        Vaults (0/5) D:14
 Depths (1/5) D:15

Altars:
Cheibriados
Dithmenos
Gozag
Hepliaklqana
Kikubaaqudgha
Makhleb
Nemelex Xobeh
Okawaru
Qazlal
Ru
Sif Muna
Trog
Uskayaw
Vehumet
Xom
Yredelemnul
Zin
The Shining One
Beogh
Jiyva

Shops:
D:8 :   Orc:1 }?   Orc:2 [*(=

Annotations:
Lair:6 exclusion: 3 oklob plants
Elf:2 3 runed doors, Aizul


Innate Abilities, Weirdness & Mutations

You are very small and have problems with some larger weapons.
You are too small for most types of armour.
You have supernaturally acute eyesight. (SInv)
You are a herbivore.
You cover ground extremely quickly.
You need consume almost no food.


Message History

You feel sick.
The deep elf mage mumbles some strange words.
The deep elf mage blinks!
You feel sick.
You feel sick.
Casting: Stone Arrow
Confirm with . or Enter, or press ? or * to list all spells.
Aiming: Stone Arrow
Press: ? - help, Shift-Dir - straight line, f - fire elemental
Aim: a fire elemental You feel a surge of power!
The stone arrow hits the fire elemental.
The fire elemental is moderately damaged.
You feel sick.
Aizul screams, "I'll haunt your nightmares!"
Aizul casts a spell at you.
The bolt of poison hits the fire elemental.
The fire elemental completely resists.
The bolt of poison hits you!
You are more poisoned.
You die...

..#..)##...#.....#
...#..##..#......#
....#....#.......#
.....#[.#....###'#
<.##..##..##.# #.#
#)##).##..##.###.#
#..).#..#.....##.#
#...#....#.......#
#..#..##).#..###@#
#.#[..##...#.# #.#
##...../....## #.#
######..)..# #E#
######.##.§S#
#+..§..# #...§..S#
#.e.§.....#
#..§..(...#


You could see Aizul and a fire elemental.

Vanquished Creatures
  A bone dragon (Elf:1)
  Kirke (Elf:1)
  A fire giant (D:15)
  An orc warlord (Orc:1)
  A reaper (IceCv)
  2 deep elf demonologists (Elf:1)
  A deep elf death mage (Elf:1)
  The ghost of parnic4 the Slicer, a journeyman TrFi of Xom (D:10)
  Josephine (D:12)
  A fire dragon (D:14)
  An ice dragon (Lair:4)
  3 ghost crabs (Elf:1)
  2 centaur warriors (D:13)
  The ghost of kalodont the Covert, a journeyman KoEn of Elyvilon (Lair:3)
  2 death knights
  12 hydras
  An anaconda (Lair:6)
  8 two-headed ogres
  4 dancing weapons
  5 death yaks (Lair:5)
  2 orc high priests (Orc:1)
  Urug (D:10)
  A deep elf knight (Elf:2)
  2 titan skeletons (Elf:1)
  2 skeletal warriors (D:13)
  3 unseen horrors
  5 deep elf archers (Elf:1)
  An orange crystal statue (D:13)
  The ghost of Iskender the Poker, a novice GrCK of Xom (D:8)
  A phantasmal warrior (D:13)
  An oklob plant (Lair:6)
  15 deep elf magi
  5 necromancers
  8 orc knights
  A shadow dragon skeleton (Elf:1)
  A manticore (D:13)
  5 cyclopes
  5 ugly things
  An orc sorcerer (Orc:2)
  13 elephants
  2 ice statues (IceCv)
  A merfolk siren (Lair:4)
  4 black mambas
  A gargoyle (D:14)
  3 centaur skeletons
  10 spiny frogs
  4 large abominations (Elf:1)
  A rime drake (Lair:5)
  2 kobold demonologists (D:14)
  A freezing wraith (D:15)
  9 ice devils
  An efreet (D:15)
  11 komodo dragons
  A golden dragon simulacrum (Elf:1)
  A jumping spider (Lair:4)
  10 polar bears (Lair:6)
  2 meliai (shapeshifter)
  9 trolls
  18 blink frogs
  Prince Ribbit (Lair:2)
  A harpy skeleton (D:15)
  A hornet (shapeshifter) (D:13)
  A raiju (Lair:6)
  A slime creature (D:14)
  13 dream sheep (Lair:6)
  14 hippogriffs
  2 tengu simulacra (Elf:1)
  A centaur simulacrum (D:15)
  4 shadows
  A water elemental (Elf:1)
  9 wraiths
  A wyvern (D:10)
  10 redbacks
  A spriggan (D:7)
  2 air elementals
  54 yaks
  3 fire elementals (Elf:1)
  2 hogs (Elf:1)
  A steam dragon (Lair:5)
  7 hungry ghosts
  6 basilisks
  Menkaure (D:3)
  9 wargs
  2 soldier ants
  A two-headed ogre zombie (D:11)
  2 acid dragons
  8 porcupines
  15 water moccasins
  16 hell hounds (Lair:6)
  7 sky beasts
  2 small abominations (Elf:1)
  3 phantoms
  7 ice beasts
  12 black bears
  33 orc warriors
  2 necrophages
  28 wolves
  13 centaurs
  7 crocodiles
  14 ogres
  2 elf zombies (Elf:1)
  5 big kobolds
  18 bullfrogs
  2 earth elementals (Elf:1)
  A wyvern zombie (D:7)
  3 scorpions
  19 wights
  15 killer bees
  2 troll zombies (D:11)
  4 electric eels (D:6)
  4 howler monkeys
  3 crimson imps
  3 centaur zombies
  2 bullfrog zombies
  6 hounds
  6 jellies
  A bullfrog skeleton (D:10)
  17 orc priests
  3 iguanas
  30 orc wizards
  12 worker ants
  5 ogre zombies (D:11)
  3 worker ant zombies
  A gnoll (D:2)
  A howler monkey zombie (D:10)
  14 adders
  8 shadow imps
  9 white imps
  10 ufetubi (IceCv)
  An adder zombie (D:9)
  An adder skeleton (D:4)
  2 worms
  2 dart slugs (D:2)
  5 leopard geckos
  105 orcs
  12 bats
  A bat skeleton (D:2)
  A giant cockroach (D:1)
  4 goblins
  7 hobgoblins
  11 jackals
  2 quokkas
  2 ball pythons
  4 frilled lizards
  2 goblin skeletons (D:11)
  5 goblin zombies (D:11)
  4 hobgoblin skeletons (D:11)
  A hobgoblin zombie (D:11)
  35 kobolds
  A leopard gecko skeleton (D:2)
  5 orc skeletons (D:11)
  8 orc zombies (D:11)
  A quokka skeleton (D:2)
  7 rats
  A macabre mass (Elf:1)
972 creatures vanquished.

Vanquished Creatures (others)
  A deep elf archer (Elf:1)
  A deep elf mage (Elf:1)
  A cyclops (D:11)
  3 humans (Elf:1)
  A white imp (IceCv)
  5 ufetubi (IceCv)
  A kobold (D:12)
  2 bushes (Lair:4)
  19 fungi
  29 plants
63 creatures vanquished.

Grand Total: 1035 creatures vanquished

Notes
Turn   | Place    | Note
-------+----------+-------------------------------------------
     0 | D:1      | Reinor the Spriggan Earth Elementalist began the quest for the Orb.
     0 | D:1      | Reached XP level 1. HP: 9/9 MP: 5/5
   446 | D:1      | Reached skill level 3 in Spellcasting
   896 | D:1      | Reached XP level 2. HP: 8/13 MP: 2/7
  1037 | D:1      | Learned a level 2 spell: Passwall
  2014 | D:2      | Reached XP level 3. HP: 15/16 MP: 3/9
  2266 | D:2      | Found a shadowy altar of Dithmenos.
  2333 | D:2      | Found a sacrificial altar of Ru.
  2342 | D:2      | Found a bloodstained altar of Trog.
  2706 | D:2      | Learned a level 3 spell: Stone Arrow
  2723 | D:2      | Found a glowing golden altar of the Shining One.
  2728 | D:2      | Noticed a two-headed ogre
  2745 | D:2      | Found a transporter.
  2754 | D:2      | Reached XP level 4. HP: 18/21 MP: 7/10
  2799 | D:2      | Found a transporter.
  3035 | D:3      | Reached skill level 4 in Spellcasting
  3337 | D:3      | Reached XP level 5. HP: 22/24 MP: 12/12
  3517 | D:3      | Found a transporter.
  3517 | D:3      | Noticed a hungry ghost
  3525 | D:3      | Found a transporter.
  3526 | D:3      | Found a basalt altar of Yredelemnul.
  3530 | D:3      | Noticed Menkaure
  3536 | D:3      | Found an ancient bone altar of Kikubaaqudgha.
  3750 | D:4      | Reached skill level 1 in Conjurations
  4204 | D:4      | Found a deep blue altar of Sif Muna.
  4486 | D:5      | Entered Level 5 of the Dungeon
  4818 | D:5      | Noticed a two-headed ogre
  4857 | D:5      | Killed a two-headed ogre
  4857 | D:5      | Reached skill level 6 in Spellcasting
  4857 | D:5      | Reached skill level 5 in Earth Magic
  4857 | D:5      | Reached XP level 6. HP: 28/28 MP: 5/16
  4857 | D:5      | Reached XP level 7. HP: 32/32 MP: 5/18
  5145 | D:5      | Reached skill level 7 in Spellcasting
  5145 | D:5      | Reached XP level 8. HP: 22/36 MP: 14/19
  5185 | D:5      | Learned a level 4 spell: Petrify
  5191 | D:5      | Learned a level 5 spell: Lee's Rapid Deconstruction
  5277 | D:5      | Found a hazy altar of Hepliaklqana.
  5410 | D:4      | Reached skill level 5 in Stealth
  5642 | D:2      | Killed a two-headed ogre
  5642 | D:2      | Reached skill level 8 in Spellcasting
  5748 | D:3      | Killed Menkaure
  5748 | D:3      | Reached XP level 9. HP: 26/39 MP: 18/22
  5824 | D:3      | Got a smoking flail {venom}
  6066 | D:6      | Found a sparkling altar of Nemelex Xobeh.
  6104 | D:6      | Found a staircase to the Ecumenical Temple.
  6111 | Temple   | Entered the Ecumenical Temple
  6118 | Temple   | Became a worshipper of Vehumet
  6368 | D:6      | Reached skill level 9 in Spellcasting
  7757 | D:6      | Found a shimmering altar of Xom.
  8450 | D:7      | Reached * piety under Vehumet
  8450 | D:7      | Offered knowledge of Shock by Vehumet.
  8526 | D:7      | Reached skill level 10 in Spellcasting
  8967 | D:7      | Learned a level 1 spell: Apportation
  8969 | D:7      | Learned a level 1 spell: Summon Small Mammal
  8974 | D:7      | Learned a level 3 spell: Ozocubu's Armour
  9072 | D:7      | Noticed a two-headed ogre
  9082 | D:7      | Killed a two-headed ogre
  9082 | D:7      | Reached XP level 10. HP: 44/44 MP: 25/25
  9167 | D:8      | Noticed a two-headed ogre
  9183 | D:8      | Killed a two-headed ogre
  9183 | D:8      | Reached skill level 5 in Conjurations
  9353 | D:8      | Found Yhuwimp's Book Emporium.
  9611 | D:8      | Reached skill level 5 in Dodging
  9614 | D:8      | Reached skill level 11 in Spellcasting
  9665 | D:8      | Offered knowledge of Throw Flame by Vehumet.
 10176 | D:8      | Noticed Iskender's ghost (novice GrCK)
 10219 | D:8      | Killed Iskender's ghost
 10344 | D:8      | Reached ** piety under Vehumet
 10366 | D:8      | Found a glowing silver altar of Zin.
 10367 | D:8      | Found an opulent altar of Gozag.
 10454 | D:8      | Noticed a two-headed ogre
 10469 | D:8      | Killed a two-headed ogre
 10688 | D:9      | Reached XP level 11. HP: 41/47 MP: 27/27
 11194 | D:9      | Found an iron altar of Okawaru.
 11224 | D:9      | Offered knowledge of Mephitic Cloud by Vehumet.
 11224 | D:9      | Reached skill level 12 in Spellcasting
 11499 | D:9      | Identified the +5 flail of Jizuwk {venom, rF+ rC+ rN+ Dex+4} (You took it off a hobgoblin on level 3 of the Dungeon)
 11918 | D:9      | Reached skill level 1 in Fighting
 12095 | D:9      | Reached *** piety under Vehumet
 12491 | D:10     | Entered Level 10 of the Dungeon
 12665 | D:10     | Noticed a two-headed ogre
 12721 | D:10     | Noticed a brown ugly thing
 12724 | D:10     | Killed a two-headed ogre
 12724 | D:10     | Reached skill level 10 in Earth Magic
 12745 | D:10     | Killed a brown ugly thing
 12864 | D:10     | Found a stormy altar of Qazlal.
 12916 | D:10     | Offered knowledge of Airstrike by Vehumet.
 12963 | D:10     | Noticed parnic4's ghost (journeyman TrFi)
 13021 | D:10     | Killed parnic4's ghost
 13167 | D:10     | Noticed Urug
 13195 | D:10     | Killed Urug
 13625 | D:11     | Reached skill level 13 in Spellcasting
 13724 | D:11     | Found a staircase to the Orcish Mines.
 13730 | D:11     | Reached **** piety under Vehumet
 13746 | D:11     | Offered knowledge of Dazzling Spray by Vehumet.
 14293 | D:11     | Got a transparent robe
 14320 | D:11     | Identified the cursed +1 robe of Narcissism {rPois MP+9} (You found it on level 11 of the Dungeon)
 14436 | D:11     | Found a staircase to the Lair.
 14501 | Lair:1   | Entered Level 1 of the Lair of Beasts
 14523 | D:11     | Reached XP level 12. HP: 56/56 MP: 30/30
 14662 | Orc:1    | Entered Level 1 of the Orcish Mines
 14800 | D:11     | Reached skill level 5 in Transmutations
 14883 | D:11     | Reached ***** piety under Vehumet
 14886 | D:11     | Offered knowledge of Poison Arrow by Vehumet.
 16365 | D:12     | Noticed Josephine
 16387 | D:12     | Killed Josephine
 16387 | D:12     | Reached skill level 14 in Spellcasting
 17407 | D:13     | Reached skill level 1 in Charms
 17407 | D:13     | Reached skill level 1 in Translocations
 17542 | D:13     | Offered knowledge of Iron Shot by Vehumet.
 17567 | D:13     | Learned a level 6 spell: Iron Shot
 18364 | D:13     | Noticed a centaur warrior
 18371 | D:13     | Killed a centaur warrior
 18405 | D:13     | Reached XP level 13. HP: 25/60 MP: 25/32
 18744 | D:13     | Reached skill level 5 in Charms
 19370 | D:13     | Reached skill level 15 in Spellcasting
 19630 | D:14     | Noticed a fire dragon
 20291 | D:14     | Killed a fire dragon
 21008 | D:14     | Found a gate to the Vaults.
 21021 | D:14     | Reached skill level 1 in Evocations
 21024 | D:14     | Offered knowledge of Irradiate by Vehumet.
 21690 | D:15     | Entered Level 15 of the Dungeon
 21833 | D:15     | Found a staircase to the Depths.
 21833 | D:15     | Noticed a fire giant
 21968 | D:15     | Killed a fire giant
 21987 | Depths:1 | Entered Level 1 of the Depths
 22117 | D:15     | Reached skill level 16 in Spellcasting
 22151 | D:15     | Reached skill level 5 in Evocations
 22608 | D:15     | Reached XP level 14. HP: 65/65 MP: 35/35
 24005 | Lair:1   | Offered knowledge of Yara's Violent Unravelling by Vehumet.
 24291 | Lair:2   | Identified a scroll of acquirement
 24292 | Lair:2   | Got a spiked buckler
 24303 | Lair:2   | Reached skill level 10 in Dodging
 24368 | Lair:2   | Noticed Prince Ribbit
 24378 | Lair:2   | Killed Prince Ribbit
 25411 | Lair:3   | Found a frozen archway.
 25517 | IceCv    | Entered an ice cave
 26250 | IceCv    | Noticed a reaper
 26317 | IceCv    | Killed a reaper
 26860 | Lair:3   | Reached skill level 10 in Stealth
 27076 | Lair:3   | Identified Bumytted's Compendium of Benedictions and Execration (You acquired it on level 3 of the Lair of Beasts)
 27085 | Lair:3   | Learned a level 6 spell: Statue Form
 27408 | Lair:3   | Noticed kalodont's ghost (journeyman KoEn)
 27422 | Lair:3   | Killed kalodont's ghost
 27554 | Lair:4   | Reached skill level 17 in Spellcasting
 27721 | Lair:4   | Found a staircase to the Shoals.
 28616 | Lair:4   | Found a hole to the Spider Nest.
 28635 | Lair:4   | Offered knowledge of Bolt of Fire by Vehumet.
 29057 | Lair:5   | Reached XP level 15. HP: 68/68 MP: 37/37
 30261 | Lair:6   | Entered Level 6 of the Lair of Beasts
 30658 | Lair:6   | Found a staircase to the Slime Pits.
 30659 | Lair:6   | Found a viscous altar of Jiyva.
 31986 | Lair:6   | Learned a level 5 spell: Bolt of Magma
 34348 | Lair:6   | Offered knowledge of Freezing Cloud by Vehumet.
 34362 | Lair:6   | Reached skill level 18 in Spellcasting
 34629 | Lair:6   | Reached skill level 10 in Charms
 34972 | Lair:6   | Got a heavily runed ivory ring
 34974 | Lair:6   | Identified the ring "Enouwk" {+Fly rC+ rN+ Dex+2} (You found it on level 6 of the Lair of Beasts)
 35387 | Orc:2    | Entered Level 2 of the Orcish Mines
 35387 | Orc:2    | Found a staircase to the Elven Halls.
 35418 | Elf:1    | Entered Level 1 of the Elven Halls
 35424 | Orc:1    | Found Ycle's Gadget Shoppe.
 35530 | Orc:1    | Found a roughly hewn altar of Beogh.
 35530 | Orc:1    | Found Cuschiar's Magic Scroll Emporium.
 35706 | Orc:2    | Found Uvauhydu's Antique Weapon Emporium.
 35708 | Orc:2    | Noticed an orc warlord
 36032 | Orc:1    | Reached skill level 5 in Fighting
 36130 | Orc:2    | Reached skill level 10 in Transmutations
 36160 | Orc:2    | Found Xeunnuim's Jewellery Shop.
 36905 | Orc:1    | Killed an orc warlord
 37181 | Orc:2    | Found Siofe's General Store.
 37825 | Orc:2    | Reached XP level 16. HP: 51/76 MP: 39/39
 37911 | Orc:1    | Offered knowledge of Bolt of Cold by Vehumet.
 37914 | Orc:1    | Found a burning altar of Makhleb.
 38137 | Orc:2    | Found a roughly hewn altar of Beogh.
 38324 | Orc:2    | Found Cociru's Antique Armour Emporium.
 38914 | Elf:1    | Noticed Kirke
 39431 | Elf:1    | Killed Kirke
 39936 | Elf:1    | Reached skill level 15 in Earth Magic
 40491 | Elf:1    | Identified Ahufiol's Guide on Stolen Souls
 40674 | Elf:1    | Reached ****** piety under Vehumet
 41168 | Elf:1    | Noticed a bone dragon
 41209 | Elf:1    | Reached skill level 19 in Spellcasting
 41219 | Elf:1    | Killed a bone dragon
 41540 | Elf:1    | Offered knowledge of Lehudib's Crystal Spear by Vehumet.
 41540 | Elf:1    | Offered knowledge of Shatter by Vehumet.
 41540 | Elf:1    | Offered knowledge of Tornado by Vehumet.
 41555 | Elf:1    | Learned a level 8 spell: Lehudib's Crystal Spear
 41577 | Elf:1    | Identified the Grimoire of Evil Magic
 42077 | Elf:2    | Found a runed gate.
 42077 | Elf:2    | Found a runed gate.
 42129 | Elf:2    | Found a runed gate.
 42163 | Elf:2    | Noticed Aizul
 42169 | Elf:2    | Killed from afar by Aizul

Skill      XL: |  1  2  3  4  5  6  7  8  9 10 11 12 13 14 15 16 |
---------------+-------------------------------------------------+-----
Spellcasting   | 3 4 6 7 8 10 11 13 14 16 17 18 19 | 19.4
Earth Magic    | 3 5 6 8 9 10 11 12 14 15 | 15.7
Dodging        | 4 7 8 10 | 10.0
Conjurations   | 3 4 5 6 7 |  7.0
Stealth        | 4 7 8 10 | 10.0
Fighting       | 3 5 |  5.0
Transmutations | 4 8 10 | 10.0
Charms         | 4 8 10 | 10.0
Translocations | 4 |  4.1
Evocations     | 5 7 |  7.0

Action                   |  1- 3 |  4- 6 |  7- 9 | 10-12 | 13-15 | 16-18 || total
-------------------------+-------+-------+-------+-------+-------+-------++-------
Melee: Unarmed           |    29 |       |       |       |       |       ||    29
       Short sword       |    41 |    99 |    18 |       |       |       ||   158
       Staff             |       |       |     4 |    17 |     9 |     1 ||    31
Throw: Stone             |       |       |       |       |     1 |       ||     1
 Cast: Sandblast         |    62 |    13 |    88 |    29 |    91 |     1 ||   284
       Passwall          |     2 |     2 |     3 |    11 |    13 |     2 ||    33
       Stone Arrow       |       |       |    63 |   587 |  1190 |   236 ||  2076
       Lee's Rapid Decon |       |       |       |     2 |    40 |    40 ||    82
       Petrify           |       |       |       |       |    10 |       ||    10
       Apportation       |       |       |       |       |     4 |       ||     4
       Summon Small Mamm |       |       |       |       |     1 |       ||     1
       Bolt of Magma     |       |       |       |       |    35 |     2 ||    37
       Iron Shot         |       |       |       |       |     3 |     5 ||     8
       Ozocubu's Armour  |       |       |       |       |     1 |       ||     1
 Abil: Evoke Flight      |       |       |       |       |       |     1 ||     1
Evoke: Phantom mirror    |       |       |       |       |     1 |       ||     1
       Wand              |       |       |       |       |     6 |     4 ||    10
  Use: Scroll            |       |     4 |     1 |     6 |    25 |     2 ||    38
       Potion            |       |       |       |     1 |     7 |       ||     8
 Stab: Sleeping          |     4 |     2 |     1 |       |       |       ||     7
  Eat: Bread ration      |       |     1 |       |     2 |     2 |     1 ||     6
       Royal jelly       |       |       |       |     1 |     1 |       ||     2
Armor: Robe              |    13 |     4 |     4 |    10 |    22 |     2 ||    55
Dodge: Dodged            |    94 |    76 |    56 |   197 |   444 |    57 ||   924
Block: Other             |       |    21 |    13 |    42 |    90 |    14 ||   180
       Reflection        |       |       |       |    14 |     4 |     6 ||    24
